AoeStats
← John Hawkwood

Arabia

508278031Analyzed
1v1 RM · 11d ago on Sep 21, 2026· 26m 43s· 2 players
Game mode
Random Map
Map size
Tiny (2 player)
Population
200
Speed
Normal
Resources
Standard
Victory
Conquest
Starting age
Dark Age
Ending age
Imperial Age
RankedLock teamsTeams togetherTeam positionsShared explorationLock speedFull tech treeHidden civsTurbo modeCheats
Victory
Defeat
🇺🇸 Mongols · United States
1039
+16
🇹🇷 Poles · Türkiye
1033
-16
cosmos
8:05 Loom
11:52 Feudal Age
21:29 Castle Age
22:15 Scale Barding Armor
22:46 Forging
23:22 Chain Barding Armor
26:04 Iron Casting
John Hawkwood
8:04 Loom
10:22 Feudal Age
11:46 Double-Bit Axe
13:57 Bloodlines
14:56 Horse Collar
21:01 Castle Age
20:17 Forging
20:35 Scale Barding Armor
22:40 Bow Saw
23:26 Gold Mining
24:28 Iron Casting
24:08 Husbandry
Connection lost

Rejoining the realm…

Still unreachable

The connection could not be restored.

Session expired

The server has moved on; the page needs a fresh start.